 Dungeon Crawl Stone Soup version 0.21.1-1-g345015f (webtiles) character file.

81 ScottishVillain the Skirmisher (level 4, 0/45 HPs)
             Began as a Draconian Wanderer on Feb 14, 2018.
             Slain by Crazy Yiuf
             ... wielding a +3 quarterstaff of chaos
              (19 damage)
             ... on level 2 of the Dungeon.
             The game lasted 00:08:38 (1227 turns).

ScottishVillain the Skirmisher (Draconian Wanderer) Turns: 1227, Time: 00:08:38

Health: 0/45       AC:  5    Str: 14    XL:     4   Next: 19%
Magic:  5/5        EV: 11    Int: 11    God:
Gold:   63         SH:  0    Dex: 13    Spells: 3/3 levels left

rFire    . . .     SeeInvis .   g - +1 dagger (venom)
rCold    . . .     Gourm    .   (no shield)
rNeg     . . .     Faith    .   (armour unavailable)
rPois    .         Spirit   .   (helmet restricted)
rElec    .         Reflect  .   (no cloak)
rCorr    .         Harm     .   (no gloves)
MR       .....                  (no boots)
Stlth    +.........             (no amulet)
HPRegen  0.15/turn              (no ring)
MPRegen  0.09/turn              (no ring)

@: drained
A: unfitting armour, cold-blooded, AC +5
a: no special abilities


You were on level 2 of the Dungeon.
You were not hungry.

You visited 1 branch of the dungeon, and saw 2 of its levels.

You collected 63 gold pieces.

Inventory:

Hand Weapons
 a - a +2 hand crossbow
 c - a +0 falchion
 g - a +1 dagger of venom (weapon)
 h - a +0 short sword
 j - a +0 dagger of venom
Missiles
 b - 40 bolts
Armour
 n - a +0 leather armour
Scrolls
 e - a scroll of identify
 k - 3 scrolls of teleportation
Potions
 i - a potion of agility {unknown}
 l - a potion of degeneration {unknown}
Comestibles
 f - 2 rations
 p - a chunk of flesh


   Skills:
 + Level 6.4(6.1) Fighting
 + Level 1.5(1.8) Short Blades
 + Level 2.3(2.2) Long Blades
 + Level 1.0(0.7) Crossbows
 + Level 0.7(0.4) Dodging
 + Level 0.5(0.2) Stealth
   Level 2.0(1.7) Evocations


You had 3 spell levels left.
You didn't know any spells.

Dungeon Overview and Level Annotations

Branches:
Dungeon (2/15)

Altars:

Annotations:
D:2 Crazy Yiuf


Innate Abilities, Weirdness & Mutations

Your plain brown scales are hard. (AC +5)
You cannot fit into any form of body armour.
You are cold-blooded and may be slowed by cold attacks.


Message History

Crazy Yiuf hits you with a quarterstaff of chaos.
You hit Crazy Yiuf.
Crazy Yiuf looks as sick as possible!
Your tail-slap misses Crazy Yiuf.
Crazy Yiuf is heavily wounded.
Crazy Yiuf hits you but does no damage.
You barely miss Crazy Yiuf.
Crazy Yiuf is heavily wounded.
Crazy Yiuf hits you but does no damage.
You are confused.
You bump into the stone wall.
Crazy Yiuf hits you with a quarterstaff of chaos.
You are electrocuted!
You bump into the rock wall.
You feel less confused.
Okay, then.
You hit Crazy Yiuf.
Crazy Yiuf looks as sick as possible!
Crazy Yiuf is almost dead.
Crazy Yiuf yells, "Lugonu sow green!"
Crazy Yiuf hits you but does no damage.
You are electrocuted!
You die...

##..##. ..#.. #....
##.#### #.... #######..#
# ...
########.#...#.###.# ..#
#...##..#..........#.#
..#
#...g@####......####.#
..# #)..### ##..#.## #.#
..# ##### ####..# #.#
..# ##.####.# ..#
#.....#.# ..##
################.......#
...#
#......#.#......).......
##.#
##'#####.#........>#.###
.#.########.#
#.#......####.#


You could see Crazy Yiuf.

Vanquished Creatures
  Jessica (D:2)
  A hound skeleton (D:2)
  A worm (D:2)
  2 leopard geckos (D:2)
  2 ball pythons
  11 bats
  4 hobgoblins (D:2)
  7 kobolds
  A frilled lizard (D:2)
  5 goblins
  3 rats
38 creatures vanquished.

Notes
Turn   | Place    | Note
-------+----------+-------------------------------------------
     0 | D:1      | ScottishVillain the Draconian Wanderer began the quest for the Orb.
     0 | D:1      | ScottishVillain set off with: a +2 hand crossbow, 24 bolts, a +0 falchion, a potion of curing, a ration
     0 | D:1      | Reached XP level 1. HP: 23/23 MP: 2/2
   147 | D:1      | Reached XP level 2. HP: 29/30 MP: 3/3
   284 | D:1      | Reached skill level 6 in Fighting
   734 | D:2      | Reached XP level 3. HP: 37/37 MP: 4/4
   810 | D:2      | Noticed Jessica
   815 | D:2      | Killed Jessica
   911 | D:2      | Reached skill level 1 in Short Blades
   911 | D:2      | Reached XP level 4. HP: 18/45 MP: 5/5
  1203 | D:2      | Found a runed door.
  1207 | D:2      | Noticed Crazy Yiuf
  1227 | D:2      | Slain by Crazy Yiuf

Skill      XL: |  1  2  3 |
---------------+----------+-----
Fighting       | 6 |  6.4
Short Blades   | 1 |  1.5
Long Blades    | |  2.3
Crossbows      | |  1.0
Dodging        | |  0.7
Stealth        | |  0.5
Evocations     | |  2.0

Action                   |  1- 3 |  4- 6 || total
-------------------------+-------+-------++-------
Melee: Short sword       |    22 |       ||    22
       Falchion          |     7 |       ||     7
       Tailslap          |    11 |     7 ||    18
       Dagger            |    59 |    23 ||    82
 Fire: Hand crossbow     |     3 |       ||     3
  Use: Scroll            |     4 |       ||     4
       Potion            |     1 |     3 ||     4
 Stab: Sleeping          |     2 |       ||     2
  Eat: Chunk             |       |     1 ||     1
Armor: Skin              |    44 |    13 ||    57
Dodge: Dodged            |    67 |    10 ||    77
       Rpst.: Falchion   |     1 |       ||     1
